 Dungeon Crawl Stone Soup version 0.29.1-12-g30fa7ad0bf (webtiles) character file.

Game seed: 12812115417651775890

2440 croobank the Conjurer (level 9, -3/65 HPs)
             Began as a Demonspawn Conjurer on Jan 2, 2023.
             Was an Initiate of Gozag.
             Slain by a five-headed hydra (5 damage)
             ... on level 7 of the Dungeon.
             The game lasted 00:28:36 (8369 turns).

croobank the Conjurer (Demonspawn Conjurer)         Turns: 8369, Time: 00:28:36

Health: -3/65      AC:  5    Str:  8    XL:     9   Next: 25%
Magic:  1/15       EV: 13    Int: 24    God:    Gozag
Gold:   355        SH:  0    Dex: 11    Spells: 7/17 levels left

rFire   . . .      SeeInvis .   l - +1 short sword (vorpal)
rCold   . . .      Faith    .   (no shield)
rNeg    . . .      Spirit   .   a - +1 robe
rPois   .          Reflect  .   (no helmet)
rElec   .          Harm     .   (no cloak)
rCorr   .          Rampage  .   (gloves unavailable)
Will    .....                   (no boots)
Stlth   +++.......              (no amulet)
HPRegen 0.20/turn               (no ring)
MPRegen 0.14/turn               (no ring)

@: hasted, very quick
A: powered by pain 1, sharp scales 2, demonic touch 3
a: Renounce Religion, Potion Petition, Call Merchant, Bribe Branch


You were on level 7 of the Dungeon.
You worshipped Gozag.
Gozag was aware of your devotion.
You visited 2 branches of the dungeon, and saw 8 of its levels.

You collected 514 gold pieces.
You paid 159 gold pieces to Gozag.

Inventory:

Hand Weapons
 l - a +1 vorpal short sword (weapon)
 n - the +7 long sword of Izukk {vamp, rPois rF+ Stlth+}
   (You found it on level 2 of the Dungeon)

   It occasionally heals its wielder for a portion of the damage dealt when it
   wounds a living foe.
   rF:        It protects you from fire.
   rPois:     It protects you from poison.
   Stlth:     It makes you more stealthy.
 q - the +9 war axe of Cowardice {speed, rElec rF+ rC- rN+}
   (You took it off a hobgoblin on level 3 of the Dungeon)

   Attacks with this weapon are significantly faster.
   rF:        It protects you from fire.
   rC:        It makes you vulnerable to cold.
   rElec:     It insulates you from electricity.
   rN:        It protects you from negative energy.
 z - a +1 dagger of venom
Missiles
 i - 8 boomerangs (quivered)
 o - 19 poisoned darts
Armour
 a - a +1 robe (worn)
Jewellery
 j - a ring of resist corrosion
 k - an amulet of faith
Wands
 u - a wand of flame (12)
 x - a wand of mindburst (20)
Scrolls
 b - 3 scrolls of fog
 e - 5 scrolls of identify
 f - 4 scrolls of enchant weapon
 g - a scroll of amnesia {unknown}
 h - 2 scrolls of poison
 m - a scroll of noise
 y - a scroll of teleportation
Potions
 d - 2 potions of lignification
 p - a potion of curing
 r - a potion of attraction
 s - 2 potions of mutation
 t - 2 potions of resistance
 w - a potion of degeneration {unknown}


   Skills:
 + Level 4.3 Fighting
 + Level 3.7 Long Blades
 + Level 4.5 Dodging
 + Level 4.9 Stealth
 + Level 4.5 Spellcasting
 + Level 6.2 Conjurations
 + Level 4.0 Hexes
 * Level 2.7 Translocations


You had 7 spell levels left.
You knew the following spells:

 Your Spells              Type           Power      Damage    Failure   Level
a - Magic Dart            Conj           100%       1d8       1%          1
b - Searing Ray           Conj           70%        2d7       1%          2
c - Dazzling Flash        Conj/Hex       60%        N/A       3%          3
d - Iskenderun's Mystic   Conj/Tloc      27%        2d7       14%         4

Your spell library contained the following spells:

 Spells                   Type           Power      Damage    Failure   Level
 Foxfire                  Conj/Fire      80%        2x1d8     2%          1
 Conjure Flame            Conj/Fire      20%        6-21      8%          3
 Fulminant Prism          Conj/Hex       15%        3d11      11%         4
 Inner Flame              Hex/Fire       15%        N/A       12%         3
 Flame Wave               Conj/Fire      20%        2d7       26%         4
 Freezing Cloud           Conj/Ice/Air   7%         6-21      73%         5
 Silence                  Hex/Air        7%         N/A       75%         5
 Agony                    Necr           5%         N/A       95%         5
 Borgnjor's Revivificati  Necr           2%         N/A       100%        8
 Necromutation            Tmut/Necr      2%         N/A       100%        8
 Death's Door             Necr           2%         N/A       100%        9
 Polar Vortex             Ice            2%         N/A       100%        9
 Simulacrum               Ice/Necr       Unusable   N/A       N/A         6

Dungeon Overview and Level Annotations

Branches:
Dungeon (7/15)             Temple (1/1) D:7

Altars:
Gozag
Qazlal
Ru
Xom

Shops:
D:5 :(?=?


Innate Abilities, Weirdness & Mutations

You sometimes gain a little power by taking damage.
You are mostly covered in razor-sharp scales. (AC +2, Slay +2)
Your touch may irresistibly damage your foes and sap their willpower.


Message History

The five-headed hydra bites you! The five-headed hydra bites you. x2
The five-headed hydra closely misses you.
The five-headed hydra barely misses you.
The searing ray hits the five-headed hydra.
The five-headed hydra is almost dead.
Without enough magic to sustain it, your searing ray dissipates.
The five-headed hydra barely misses you.
The five-headed hydra misses you. The five-headed hydra bites you. x2
The five-headed hydra barely misses you.
Okay, then.
You feel the dreadful sensation subside.
l - a +1 vorpal short sword (weapon)
You hit the five-headed hydra.
The five-headed hydra is almost dead.
The five-headed hydra barely misses you.
The five-headed hydra closely misses you.
The five-headed hydra bites you.
The five-headed hydra bites you but does no damage.
The five-headed hydra bites you!
You hit the five-headed hydra.
The five-headed hydra is almost dead.
The five-headed hydra closely misses you.
The five-headed hydra bites you!
* * * LOW HITPOINT WARNING * * *
The five-headed hydra bites you!
* * * LOW HITPOINT WARNING * * *
The five-headed hydra misses you.
The five-headed hydra closely misses you.
Okay, then.
Okay, then.
Okay, then.
Aiming: Mindburst
Press: ? - help, Shift-Dir - straight line, f/p - five-headed hydra
Aim: a five-headed hydra (almost dead, chance to affect: 29%)
The five-headed hydra easily resists.
Okay, then.
As you read the scroll of summoning, it crumbles to dust.
Wisps of shadow whirl around you... The five-headed hydra bites you.
You die...
Your body crumbles into a pile of gold.

#.# .. ....####.#....## #.# ..
....####....### # #.# .
..........####### # #.#
.#..D...######......# #
#.#######........ #......#
####.........# ##o## #.#.....
†.......##.### #..o# #.#....#
####.##.##.# #.oo# #.#.#..#
#.##.##.# #@oo# #.......
#.......# #D..# #.....##
#######[#### #.oo# ###.####
#...).)....# #..o#########.....
#.#####....#####o..o.....##..####
#.# #...................#.##.##
..# #.................<...#....
#.# #..........................
#.#####....###.#...#........#...#


You could see a five-headed hydra (ally target), 3 friendly orc warriors, a
friendly orc priest (summoned, wandering), 4 friendly orc wizards and 3 friendly
orcs.

Vanquished Creatures
  Eustachio (D:5)
  Menkaure (D:5)
  A steam dragon (D:7)
  Edmund (D:6)
  A sky beast (D:6)
  3 black bears
  2 ice beasts
  A kobold brigand (D:7)
  4 phantoms
  A bullfrog (D:6)
  4 scorpions
  3 killer bees (D:7)
  2 howler monkeys (D:7)
  3 hounds
  A jelly (D:6)
  2 iguanas
  Terence (D:2)
  3 orc wizards
  7 adders
  2 river rats (D:6)
  A shadow imp (D:5)
  An ufetubus (D:7)
  2 worms
  2 dart slugs
  14 orcs
  3 ball pythons
  8 endoplasms
  4 giant cockroaches
  6 goblins
  8 hobgoblins
  8 jackals
  3 quokkas
  4 bats (D:2)
  A frilled lizard (D:1)
  5 kobolds
  6 rats
120 creatures vanquished.

Vanquished Creatures (others)
  5 dream sheep (D:3)
5 creatures vanquished.

Grand Total: 125 creatures vanquished

Notes
Turn   | Place    | Note
-------+----------+-------------------------------------------
     0 | D:1      | croobank the Demonspawn Conjurer began the quest for the
                  | Orb.
     0 | D:1      | Reached XP level 1. HP: 13/13 MP: 3/3
   283 | D:1      | Gained mutation: Your touch may inflict minor irresistible
                  | damage on your foes. [demonic ancestry]
   283 | D:1      | Reached XP level 2. HP: 20/20 MP: 3/5
   286 | D:1      | Learned a level 2 spell: Searing Ray
   524 | D:1      | Found a faded altar of an unknown god.
  1026 | D:2      | Identified the +7 long sword of Izukk {vamp, rPois rF+
                  | Stlth+}
  1089 | D:2      | Reached XP level 3. HP: 25/25 MP: 6/6
  1093 | D:2      | Noticed Terence
  1120 | D:2      | Killed Terence
  1121 | D:2      | Reached skill level 1 in Fighting
  1278 | D:2      | Gained mutation: You are partially covered in razor-sharp
                  | scales. (AC +1, Slay +1) [demonic ancestry]
  1278 | D:2      | Reached XP level 4. HP: 32/32 MP: 1/7
  1737 | D:2      | Learned a level 3 spell: Dazzling Flash
  1971 | D:3      | Reached skill level 1 in Long Blades
  2156 | D:3      | Identified the +9 war axe of Cowardice {speed, rElec rF+
                  | rC- rN+}
  2431 | D:3      | Noticed a dream sheep
  2431 | D:3      | Noticed a dream sheep
  2431 | D:3      | Noticed a dream sheep
  2431 | D:3      | Noticed a dream sheep
  2431 | D:3      | Noticed a dream sheep
  2431 | D:3      | Found a shimmering altar of Xom.
  2433 | D:3      | Killed a dream sheep
  2433 | D:3      | Killed a dream sheep
  2434 | D:3      | Gained mutation: Your touch may inflict irresistible damage
                  | on your foes. [demonic ancestry]
  2434 | D:3      | Reached XP level 5. HP: 37/37 MP: 7/9
  2434 | D:3      | Killed a dream sheep
  2434 | D:3      | Killed a dream sheep
  2435 | D:3      | Killed a dream sheep
  2984 | D:4      | Reached skill level 1 in Hexes
  3843 | D:5      | Entered Level 5 of the Dungeon
  3843 | D:5      | Noticed a phantom
  3852 | D:4      | Killed a phantom
  3853 | D:4      | Reached XP level 6. HP: 33/44 MP: 2/10
  4025 | D:5      | Noticed Menkaure
  4029 | D:5      | Killed Menkaure
  4140 | D:5      | Found Bout Aheet's Jewellery Shop.
  4201 | D:5      | Found Zinaal's Magic Scroll Boutique.
  4257 | D:5      | Found Siynosa's Magic Scroll Emporium.
  4272 | D:5      | Noticed Eustachio
  4285 | D:5      | Killed Eustachio
  4286 | D:5      | Reached skill level 5 in Conjurations
  4286 | D:5      | Gained mutation: Your touch may irresistibly damage your
                  | foes and sap their willpower. [demonic ancestry]
  4286 | D:5      | Reached XP level 7. HP: 51/51 MP: 11/11
  4404 | D:5      | Found Erithryub's Weapon Boutique.
  4563 | D:5      | Found Wacluaje's Book Shop.
  5707 | D:6      | Found a sacrificial altar of Ru.
  5746 | D:6      | Noticed Edmund
  5759 | D:6      | Killed Edmund
  5760 | D:6      | Gained mutation: You are mostly covered in razor-sharp
                  | scales. (AC +2, Slay +2) [demonic ancestry]
  5760 | D:6      | Reached XP level 8. HP: 26/58 MP: 10/13
  6405 | D:6      | Learned a level 4 spell: Iskenderun's Mystic Blast
  6844 | D:6      | Reached skill level 1 in Translocations
  7208 | D:7      | Noticed a five-headed hydra
  7377 | D:7      | Reached skill level 6 in Conjurations
  7531 | D:7      | Gained mutation: You sometimes gain a little power by
                  | taking damage. [demonic ancestry]
  7531 | D:7      | Reached XP level 9. HP: 64/65 MP: 8/15
  7790 | D:7      | Found a staircase to the Ecumenical Temple.
  7852 | Temple   | Entered the Ecumenical Temple
  7862 | Temple   | Became a worshipper of Gozag Ym Sagoz the Greedy
  8159 | D:7      | Found a stormy altar of Qazlal.
  8367 | D:7      | HP: 2/65 [five-headed hydra (16)]
  8369 | D:7      | Slain by a five-headed hydra

Illustrated notes

Levels and vault maps discovered:
D:1:      lightli_arrival_flooded_house, layout_basic,
          dreamdust_ecumenical_altar_hidden_monk_grotto, minmay_tetromino_i4
D:2:      layout_basic, uniq_terence
D:3:      layout_rooms, kb_xom_exploding_sheep
D:4:      layout_rooms, kennysheep_generic_room_7
D:5:      layout_layer_cave, nicolae_elyvilon_peaceful_grove, serial_shops,
          shop_fountains, shop, nicolae_shop_statue_plus, nicolae_stop_n_shop_1,
          shop, uniq_menkaure, uniq_eustachio
D:6:      layout_basic, mainiacjoe_overflow_alcove_2,
          mainiacjoe_overflow_24_doors, portal_sewer_entry_b, uniq_edmund
D:7:      layout_loops_cross, lemuel_tele_altar,
          minmay_temple_entry_stoned_glass, hangedman_decor_push,
          kennysheep_generic_room_5
Temple:   nicolae_temple_god_jail

Skill      XL: |  1  2  3  4  5  6  7  8  9 |
---------------+----------------------------+-----
Stealth        | 2 3 4 |  4.9
Dodging        | 2 3 4 |  4.5
Fighting       | 1 2 3 4 |  4.3
Long Blades    | 1 2 3 |  3.7
Hexes          | 1 2 3 4 |  4.0
Spellcasting   | 3 4 |  4.5
Conjurations   | 5 6 |  6.2
Translocations | 2 |  2.7

Action                   |  1- 3 |  4- 6 |  7- 9 || total
-------------------------+-------+-------+-------++-------
Melee: Dagger            |     6 |     1 |     4 ||    11
       Long sword        |     6 |    58 |    44 ||   108
       Touch             |     2 |     9 |    13 ||    24
       War axe           |       |       |    62 ||    62
       Punch             |       |       |     1 ||     1
       Short sword       |       |       |     2 ||     2
Throw: Boomerang         |       |     2 |     2 ||     4
 Cast: Magic Dart        |    42 |    25 |     9 ||    76
       Searing Ray       |     5 |    17 |    26 ||    48
       Dazzling Flash    |       |     1 |     2 ||     3
       Iskenderun's Myst |       |       |     3 ||     3
Evoke: Wand              |       |       |     1 ||     1
  Use: Potion            |     2 |     1 |     4 ||     7
       Scroll            |     1 |    11 |     5 ||    17
 Stab: Sleeping          |     2 |     6 |     4 ||    12
Armor: Robe              |     1 |    25 |    28 ||    54
       Skin              |       |       |    12 ||    12
Dodge: Dodged            |    13 |    56 |    83 ||   152
